cohdb
Replays
Latest Replays
All Replays
Popular Replays
Top Player Replays
Match Explorer
How It Works
Community
CoH3 Stats
Reddit
Sign in to upload your games and track your stats! →
Sign in with Steam
Match 37396749
Unlisted
Match 37396749
Overview
Messages
Build Orders
End
Panzergrenadier Squad
Selects Italian Infantry
Selects Italian Infantry
Panzergrenadier Squad
Panzergrenadier Squad
Construct Light Support Kompanie
250 Light Carrier
Combat Half-tracks
Selects Guastatori Squad
Selects L6/40 Light Tank Combat Group
L6/40 Light Tank Combat Group
Panzerjäger Mechanized Group
Guastatori Squad
Fire Support Elements
Selects Defensive Operations
Selects Prepared Positions
Construct Panzerarmee Kommand
BorzoiWitcher
Mou
小桐乐
Voodoo408
Sultan87
Kable
Ohmic
Undertaker
0
0
Comments
sign in to comment!
No comments posted yet!